Map: Data-C

Players

diembius - Winner!

  • Race: Zerg Zerg
  • Spawn Location: 9:00

Mazz

  • Race: Zerg Zerg
  • Spawn Location: 3:00

VOD

Have the link to the VOD?

Description

Copying PiG B2GM build

Time

  • Played on: Nov. 30, 2022, 2:16 p.m.
  • Length: 7:22
Show
View Real Time Build Order
Export as new Build Order

diembius Zerg - Winner!

Build Orders: Pool First 

Get SALT Encoding   

  12  0:00  Drone  
  13  0:12  Overlord  
  13  0:17  Drone  
  14  0:30  Drone x2  
  14  0:34  Drone  
  17  0:45  Spawning Pool  
  17  0:48  Drone  
  17  1:10  Hatchery  
  16  1:12  Drone  
  16  1:17  Extractor, Drone  
  17  1:20  Drone  
  18  1:28  Drone  
  19  1:34  Queen  
  21  1:41  Overlord  
  21  1:49  Zergling x2  
  22  2:00  Drone  
  23  2:09  Queen  
  23  2:11  Drone  
  26  2:23  Drone  
  26  2:25  Drone  
  28  2:34  Drone  
  28  2:35  Drone  
  30  2:42  Drone  
  31  2:47  Drone  
  31  2:48  Drone x2, Overlord  
  34  2:55  Drone  
  35  3:01  Drone  
  36  3:05  Overlord  
  36  3:11  Drone  
  37  3:18  Roach Warren  
  36  3:20  Lair  
  36  3:22  Drone x2  
  36  3:23  Drone x2  
  36  3:24  Drone  
  41  3:31  Drone  
  41  3:32  Drone x2  
  44  3:35  Hatchery  
  43  3:42  Drone x2  
  43  3:44  Extractor  
  44  3:49  Extractor  
  43  3:58  Extractor  
  43  3:59  Drone  
  43  4:00  Drone x2, Evolution Chamber  
  43  4:01  Overlord  
  44  4:02  Evolution Chamber  
  43  4:10  Queen  
  43  4:16  Drone x2  
  48  4:17  Drone  
  48  4:19  Glial Reconstitution  
  48  4:21  Roach x4  
  56  4:26  Zerg Missile Weapons Level 1  
  56  4:44  Overlord  
  56  4:45  Overlord  
  56  4:47  Zerg Ground Armor Level 1  
  56  5:05  Drone  
  56  5:06  Drone  
  58  5:08  Drone x4  
  62  5:14  Overlord x2, Roach  
  62  5:15  Roach, Overlord  
  66  5:28  Drone x5  
  71  5:38  Roach x5  
  71  5:39  Overlord  
  81  5:55  Roach  
  81  5:56  Roach x3, Overlord  
  89  5:58  Roach  
  91  6:11  Overseer  
  91  6:14  Roach x2  
  91  6:15  Roach x4, Overlord x2  
  91  6:17  Roach x2  
  107  6:23  Roach x4  
  114  6:37  Roach x4  
  114  6:38  Roach x2  
  114  6:39  Roach x2  
  126  6:46  Roach  
  126  6:50  Roach x4  
  134  6:54  Roach  
  134  6:55  Overlord  
Show
View Real Time Build Order
Export as new Build Order

Mazz Zerg 

Build Orders: Hatch First 

Get SALT Encoding   

  12  0:00  Drone  
  13  0:13  Overlord  
  13  0:17  Drone  
  14  0:32  Drone x2  
  16  0:51  Hatchery  
  16  0:54  Drone  
  16  0:58  Drone  
  16  1:02  Drone  
  18  1:12  Extractor  
  17  1:19  Spawning Pool  
  17  1:22  Drone  
  17  1:24  Drone  
  18  1:29  Drone  
  19  1:42  Drone  
  20  1:52  Overlord  
  20  2:06  Queen x2  
  20  2:08  Zergling x4  
  26  2:12  Drone  
  26  2:14  Drone  
  28  2:23  Drone  
  28  2:25  Drone  
  30  2:32  Metabolic Boost  
  30  2:36  Drone  
  31  2:52  Hatchery  
  31  2:57  Drone, Overlord  
  31  3:03  Queen  
  33  3:07  Drone  
  33  3:10  Drone  
  33  3:12  Drone  
  36  3:25  Drone x3  
  36  3:26  Drone  
  40  3:28  Overlord  
  40  3:38  Drone  
  40  3:39  Drone x2  
  43  3:41  Zergling x2  
  43  3:47  Zergling x4  
  46  4:12  Zergling x4  
  48  4:28  Baneling Nest  
  48  4:31  Drone  
  48  4:33  Drone x3  
  48  4:34  Drone  
  48  4:37  Overlord  
  52  4:41  Lair  
  52  4:46  Extractor  
  52  4:48  Drone x3  
  52  4:51  Extractor  
  53  4:53  Drone x3  
  56  5:06  Drone  
  56  5:07  Drone x2  
  59  5:21  Baneling  
  59  5:22  Baneling x2  
  59  5:32  Overlord x3  
  59  5:49  Queen x2  
  59  5:56  Extractor  
  62  6:01  Extractor x2  
  60  6:04  Zergling x2  
  60  6:05  Zergling x24  
  73  6:25  Roach Warren  
  67  6:36  Zergling x12  
  67  6:37  Zergling x8  
  57  6:59  Zergling x18  
Tags
 
Matchup
ZvZ
Race
Zerg
Spawn Locations
Cross Positions
Add a new tag
Caveats
  • Supply blocks, unpowered buildings, or Contaminate may cause inaccurate times.
  • Supply counts are checked every 10 seconds.